 Dungeon Crawl Stone Soup version 0.20-b1-18-gaa2fd62 (webtiles) character file.

180 Gorglomux the Cudgeler (level 5, 0/34 HPs)
             Began as a Gargoyle Fighter on May 24, 2017.
             Was an Initiate of Okawaru.
             Killed by divine providence
             ... invoked by an orc priest
              (7 damage)
             ... on level 3 of the Dungeon.
             The game lasted 00:01:27 (1554 turns).

Gorglomux the Cudgeler (Gargoyle Fighter)           Turns: 1554, Time: 00:01:28

Health: 0/34       AC: 10    Str: 20    XL:     5   Next: 60%
Magic:  5/5        EV:  7    Int:  8    God:    Okawaru [......]
Gold:   215        SH:  9    Dex: 10    Spells: 4/4 levels left

rFire    . . .     SeeInvis .   a - +0 flail
rCold    . . .     Gourm    .   c - +0 shield
rNeg     + . .     Faith    .   b - +0 scale mail
rPois    ∞         Spirit   .   (no helmet)
rElec    +         Reflect  .   (no cloak)
rCorr    .         Harm     .   (no gloves)
MR       .....                  (no boots)
Stlth    ..........             (no amulet)
Regen    0.2/turn               (no ring)
MPRegen  0.1/turn               (no ring)

@: no status effects
A: negative energy resistance 1, electricity resistance, unbreathing,
petrification resistance, rot immunity, AC +4
a: Renounce Religion


You were on level 3 of the Dungeon.
You worshipped Okawaru.
Okawaru was noncommittal.
You were not hungry.

You visited 1 branch of the dungeon, and saw 3 of its levels.

You collected 215 gold pieces.

Inventory:

Hand Weapons
 a - a +0 flail (weapon)
Armour
 b - a +0 scale mail (worn)
 c - a +0 shield (worn)
 q - a +0 crystal plate armour
   (You found it on level 2 of the Dungeon)
Jewellery
 p - a cursed ring of teleportation {unknown}
   (You found it on level 2 of the Dungeon)
Wands
 l - a wand of enslavement (9/24)
   (You found it on level 2 of the Dungeon)
 r - a wand of lightning (5/15)
   (You found it on level 3 of the Dungeon)
Scrolls
 g - a scroll of random uselessness {unknown}
 h - 4 scrolls of remove curse {unknown}
 i - 2 scrolls of enchant armour {unknown}
 o - a scroll of immolation {unknown}
Potions
 d - 4 potions of might
 e - a potion of cancellation {unknown}
 n - 2 potions of lignification {unknown}
 s - a potion of agility {unknown}
 t - 3 potions of haste {unknown}
Books
 m - a book of Maledictions
   (You found it on level 2 of the Dungeon)
Comestibles
 f - 3 bread rations {@e1}
 j - 4 meat rations {@e2}
 k - a royal jelly


   Skills:
 + Level 4.3 Fighting
 * Level 5.0 Maces & Flails
 - Level 3.2 Armour
 - Level 3.2 Shields


You had 4 spell levels left.
You didn't know any spells.

Dungeon Overview and Level Annotations

Branches:
Dungeon (3/15)

Altars:
Gozag
Okawaru
Sif Muna


Innate Abilities, Weirdness & Mutations

You are resistant to torment.
Your stone body is resilient. (AC +4)
You are immune to poison.
You resist negative energy. (rN+)
You are resistant to electric shocks. (rElec)
You can survive without breathing.
You are immune to petrification.
You are immune to rotting.


Message History

You now have 189 gold pieces (gained 10).
You now have 202 gold pieces (gained 13).
You now have 215 gold pieces (gained 13).
Found a runed dagger.
Unknown command.
An adder comes into view.
Unknown command.
You closely miss the adder. The adder bites you but does no damage.
You block the adder's attack.
You closely miss the adder. The adder bites you but does no damage.
You block the adder's attack.
An adder is nearby!
You closely miss the adder. The adder bites you but does no damage.
You block the adder's attack.
You hit the adder. The adder completely misses you.
Your shield prevents you from hitting the adder.
The adder bites you but does no damage. The adder closely misses you.
You barely miss the adder. You block the adder's attack.
Unknown command.
An adder is nearby!
You closely miss the adder. You block the adder's attack.
The adder completely misses you.
You miss the adder. You block the adder's attack.
You barely miss the adder. You block the adder's attack. x2
You miss the adder. The adder barely misses you.
The adder bites you but does no damage.
Unknown command.
An adder is nearby!
Unknown command.
You hit the adder. The adder bites you.
You miss the adder. You block the adder's attack.
The adder bites you but does no damage.
You hit the adder. The adder bites you but does no damage.
You sock the adder!
You kill the adder!
Okawaru accepts your kill.
A frilled lizard comes into view.
The frilled lizard hisses angrily.
The frilled lizard closely misses you.
You closely miss the frilled lizard.
The frilled lizard bites you but does no damage.
You miss the frilled lizard.
The frilled lizard bites you but does no damage. x2
Unknown command.
A frilled lizard is nearby!
You thump the frilled lizard!
You kill the frilled lizard!
Okawaru accepts your kill.
No target in view!
No target in view!
No target in view!
Unknown command.
Wield which item (- for none, * to show all)? (? for menu, Esc to quit)
Okay, then.
t - 3 fizzy clear potions An orc comes into view.
It is wielding a flail.
The orc shouts!
An orc comes into view. It is wielding a trident of protection.
An orc comes into view.
The orc shouts! x2
An orc priest comes into view. It is wielding a whip.
You block the orc's attack.
You barely miss the orc. The orc barely misses you.
Unknown command.
There are monsters nearby!
Unknown command.
You hit the orc.
The orc priest looks satisfied for a moment.
You barely miss the orc. The orc completely misses you.
You barely miss the orc. You block the orc's attack.
The orc priest mumbles some strange prayers to Beogh against you.
Beogh smites you!
You closely miss the orc. The orc hits you.
There are monsters nearby!
Unknown command.
You sock the orc!
You kill the orc!
Okawaru accepts your kill.
Your Maces & Flails skill increases to level 5!
The orc priest mumbles some strange prayers to Beogh against you.
Beogh smites you!
* * * LOW HITPOINT WARNING * * *
You are too injured to fight recklessly!
You are too injured to fight recklessly!
You are too injured to fight recklessly!
You are too injured to fight recklessly!
You are too injured to fight recklessly!
You are too injured to fight recklessly!
You are too injured to fight recklessly!
Unknown command.
Unknown command.
You barely miss the orc. You block the orc's attack. The orc barely misses you.
You hit the orc.
You kill the orc!
Okawaru accepts your kill. The orc closely misses you.
Unknown command.
The orc priest invokes the aid of Beogh against you.
Beogh smites you!
You die...

#.# #.# ### #.#
##.## #.# ##...##
#.#######)....## #
#........†.....##.#
#########.........#
##....#.##.#
#......@...#
##.#†##.####
#.#.##.# #.#.##o#
#.#.##)# ....##o#
#.####.# #.# #.#
#.# #.#


You could see an orc priest and an orc.

Vanquished Creatures
  A gnoll (D:1)
  9 adders
  An ooze (D:2)
  A worm (D:2)
  5 dart slugs
  4 leopard geckos
  2 orcs (D:3)
  7 bats
  8 goblins
  6 hobgoblins
  11 kobolds
  2 quokkas (D:2)
  4 frilled lizards
  12 rats
  A bush (D:1)
74 creatures vanquished.

Notes
Turn   | Place    | Note
-------+----------+-------------------------------------------
     0 | D:1      | Gorglomux the Gargoyle Fighter began the quest for the Orb.
     0 | D:1      | Reached XP level 1. HP: 14/14 MP: 1/1
    25 | D:1      | Reached XP level 2. HP: 13/19 MP: 2/2
    38 | D:1      | Reached skill level 3 in Maces & Flails
   204 | D:1      | Reached XP level 3. HP: 20/23 MP: 3/3
   931 | D:2      | Reached XP level 4. HP: 23/29 MP: 4/4
   971 | D:2      | Reached skill level 4 in Maces & Flails
   996 | D:2      | Found an opulent altar of Gozag.
  1003 | D:2      | Reached skill level 4 in Fighting
  1005 | D:2      | Found an iron altar of Okawaru.
  1047 | D:2      | Found a deep blue altar of Sif Muna.
  1049 | D:2      | Became a worshipper of Warmaster Okawaru
  1066 | D:2      | Reached XP level 5. HP: 23/33 MP: 5/5
  1549 | D:3      | Reached skill level 5 in Maces & Flails
  1549 | D:3      | HP: 6/34 [orc priest/divine providence (16)]
  1554 | D:3      | Killed from afar by an orc priest

Skill      XL: |  1  2  3  4  5 |
---------------+----------------+-----
Maces & Flails | 3 4 5 |  5.0
Fighting       | 4 |  4.3
Armour         | |  3.2
Shields        | |  3.2

Action                   |  1- 3 |  4- 6 || total
-------------------------+-------+-------++-------
Melee: Flail             |   152 |   134 ||   286
  Eat: Chunk             |     1 |     2 ||     3
Armor: Scale mail        |   117 |    81 ||   198
Dodge: Dodged            |    74 |    43 ||   117
Block: Shield            |   111 |    79 ||   190

Vault maps used:
D:1:      dpeg_arrival_ratfight, lexackson_kobold_supper
D:2:      gammafunk_temple_overflow_forgotten

Table legend:
 A = Turns spent in this place as a percentage of turns spent in the entire game.
 B = Non-inter-level travel turns spent in this place as a percentage of non-inter-level travel turns spent in the entire game.
 C = Inter-level travel turns spent in this place as a percentage of turns spent in this place.
 D = Turns resting spent in this place as a percentage of non-inter-level travel turns spent in this place.
 E = Turns spent auto-exploring this place as a percentage of non-inter-level travel turns spent in this place.
 F = Non-inter-level travel turns spent in this place divided by the number of levels of this place that you've seen.
                   A       B       C       D       E      F
               +-------+-------+-------+-------+-------+----------------------
         Total | 100.0 | 100.0 |   0.7 |   0.0 |   8.3 | 371.7
       Dungeon | 100.0 | 100.0 |   0.7 |   0.0 |   8.3 | 371.7
               +-------+-------+-------+-------+-------+----------------------

Table legend:
 A = Kills in this place as a percentage of kills in entire the game.
 B = Kills by you in this place as a percentage of kills by you in the entire game.
 C = Kills by friends in this place as a percentage of kills by friends in the entire game.
 D = Other kills in this place as a percentage of other kills in the entire game.
 E = Experience gained in this place as a percentage of experience gained in the entire game.
 F = Experience gained in this place divided by the number of levels of this place that you have seen.
                   A       B       C       D       E      F
               +-------+-------+-------+-------+-------+----------------------
         Total | 100.0 | 100.0 |  -nan |  -nan | 100.0 |  86.0
       Dungeon | 100.0 | 100.0 |  -nan |  -nan | 100.0 |  86.0
               +-------+-------+-------+-------+-------+----------------------
